 Dungeon Crawl Stone Soup version 0.29.1-15-g9cfb28693d (webtiles) character file.

Game seed: 9841343165377291375

441 monsoonserge the Chopper (level 6, -3/51 HPs)
             Began as a Palentonga Fighter on May 1, 2023.
             Slain by a scorpion (6 damage)
             ... on level 5 of the Dungeon.
             The game lasted 00:11:54 (3721 turns).

monsoonserge the Chopper (Palentonga Fighter)       Turns: 3721, Time: 00:11:55

Health: -3/51      AC:  6    Str: 24    XL:     6   Next: 70%
Magic:  6/6        EV:  8    Int:  8    God:
Gold:   213        SH:  4    Dex:  9    Spells: 5/5 levels left

rFire   + . .      SeeInvis +   a - +0 war axe
rCold   + . .      Faith    .   c - +0 buckler
rNeg    . . .      Spirit   .   n - +0 ring mail
rPois   +          Reflect  .   (no helmet)
rElec   +          Harm     .   (no cloak)
rCorr   +          Rampage  .   (no gloves)
Will    .....                   (no barding)
Stlth   ..........              (no amulet)
HPRegen 0.17/turn               k - ring of wizardry
MPRegen 0.10/turn               (no ring)

@: mighty, lethally poisoned (-3 -> -8), resistant
A: large, rugged brown scales 3, see invisible, deformed body, roll 1, armoured
tail
a: Rolling Charge


You were on level 5 of the Dungeon.
You visited 1 branch of the dungeon, and saw 5 of its levels.

You collected 213 gold pieces.

Inventory:

Hand Weapons
 a - a +0 war axe (weapon)
Missiles
 t - 20 stones
 u - 6 datura-tipped darts
 z - 2 atropa-tipped darts
Armour
 b - a +0 scale mail
 c - a +0 buckler (worn)
 n - a +0 ring mail (worn)
Jewellery
 k - a ring of wizardry (left hand)
Wands
 o - a wand of digging (4)
 v - a wand of roots (7)
Scrolls
 g - 2 scrolls of noise {unknown}
 h - 5 scrolls of teleportation {unknown}
 i - 2 scrolls of vulnerability {unknown}
 j - 3 scrolls of identify {unknown}
 l - a scroll of poison {unknown}
 p - 2 scrolls of blinking {unknown}
 r - a scroll of enchant armour {unknown}
 w - a scroll of immolation {unknown}
 y - a scroll of magic mapping {unknown}
Potions
 e - a potion of degeneration {unknown}
 f - a potion of heal wounds
 m - a potion of resistance
 q - a potion of cancellation {unknown}
 s - 2 potions of mutation {unknown}
 x - 3 potions of curing {unknown}


   Skills:
 + Level 4.0 Fighting
 + Level 5.1 Axes
 + Level 3.5 Armour
 + Level 1.2 Dodging
 + Level 3.4 Shields


You had 5 spell levels left.
You didn't know any spells.
Your spell library was empty.

Dungeon Overview and Level Annotations

Branches:
Dungeon (5/15)
 Temple: D:4-7

Altars:
Cheibriados
Gozag
Makhleb
Sif Muna


Innate Abilities, Weirdness & Mutations

You are completely covered in rugged brown scales. (AC +3, +7% HP)
You have supernaturally acute eyesight. (SInv)
Armour fits poorly on your strangely shaped body.
You can roll at nearby foes to attack.
You have a long armoured tail.


Message History

* * * LOW HITPOINT WARNING * * *
Roll where?
Press: ? - help, Dir - move target, f - scorpion
Aim: a scorpion (lightly wounded)
Okay, then.
You barely miss the phantom.
You hear the slow rusting of a very distant drain.
You feel sick.
The phantom hits you but does no damage.
Roll where?
Press: ? - help, Dir - move target, f - scorpion
Aim: a scorpion (lightly wounded)
You roll forward with a clatter of scales!
You barely miss the scorpion.
The scorpion is lightly wounded.
You miss the phantom.
You feel sick. The scorpion stings you.
* * * LOW HITPOINT WARNING * * *
You are lethally poisoned!
The scorpion poisons you!
The phantom hits you but does no damage.
Unknown command.
Press: ? - help, v - describe, . - travel The floor.
Press: ? - help, v - describe, . - travel
Here: a scorpion (lightly wounded)
The floor.
You hit the scorpion.
The scorpion is heavily wounded.
You hit the phantom.
* * * LOW HITPOINT WARNING * * *
You feel very sick. You block the scorpion's attack.
The phantom hits you but does no damage.
You block the scorpion's attack. You block the phantom's attack.
You closely miss the scorpion.
The scorpion is heavily wounded.
You slash the phantom!
* * * LOW HITPOINT WARNING * * *
You feel sick. The scorpion stings you.
You die...

#. #h#...# #. .#
####ยง..# #. #..
+.....'##..# #. +..
#..##.#( .## #. .
#..###.....###..#
#. ...
#.#...#...#...#.#
#.
....#..............
.................#
.......@W........#
.......s.........#
....>............#
#####+##.......(.#
#.........#
#.........#
#....###### #....#
#....#


You could see a phantom and a scorpion.

Vanquished Creatures
  A phantom (D:5)
  A necrophage (D:4)
  2 hounds
  An orc priest (D:4)
  An orc wizard (D:4)
  8 adders
  An ufetubus (D:4)
  5 worms
  12 orcs
  7 ball pythons
  5 endoplasms
  4 giant cockroaches
  8 goblins
  9 hobgoblins
  6 kobolds
  4 quokkas
  4 bats
  7 frilled lizards
  5 rats
91 creatures vanquished.

Notes
Turn   | Place    | Note
-------+----------+-------------------------------------------
     0 | D:1      | monsoonserge the Palentonga Fighter began the quest for the
                  | Orb.
     0 | D:1      | Reached XP level 1. HP: 19/19 MP: 1/1
   275 | D:1      | Found a faded altar of an unknown god.
   299 | D:1      | Reached XP level 2. HP: 24/25 MP: 2/2
   930 | D:2      | Reached XP level 3. HP: 27/31 MP: 3/3
  1500 | D:2      | Reached skill level 3 in Axes
  1754 | D:3      | Found a shimmering blue altar of Sif Muna.
  1765 | D:3      | Reached XP level 4. HP: 37/37 MP: 4/4
  1935 | D:3      | Found an opulent altar of Gozag.
  2360 | D:3      | Found a burning altar of Makhleb.
  2508 | D:4      | Noticed a necrophage
  2517 | D:4      | Killed a necrophage
  2518 | D:4      | Reached skill level 4 in Axes
  2518 | D:4      | Reached XP level 5. HP: 20/43 MP: 5/5
  2783 | D:4      | Reached skill level 1 in Dodging
  2798 | D:4      | Reached XP level 6. HP: 4/50 MP: 6/6
  3272 | D:4      | Found a snail-covered altar of Cheibriados.
  3675 | D:5      | Entered Level 5 of the Dungeon
  3715 | D:5      | Reached skill level 5 in Axes
  3715 | D:5      | HP: 1/51 [phantom (2)]
  3721 | D:5      | Slain by a scorpion

Illustrated notes

Levels and vault maps discovered:
D:1:      dpeg_arrival_three_smaller_balls, layout_basic,
          shapermc_ecumenical_altar_starsandcircs, serial_rivers,
          chequers_serial_rivers_small_b, chequers_serial_rivers_large_a,
          chequers_serial_rivers_small_3, chequers_serial_rivers_micro_d,
          chequers_serial_rivers_room_a, chequers_serial_rivers_small_3
D:2:      layout_basic, grunt_ministairs_7, st_stairs_4, nicolae_wormholes
D:3:      layout_loops_cross, mainiacjoe_overflow_alcove_1,
          nicolae_sif_muna_condensation, mainiacjoe_overflow_alcove_4
D:4:      layout_loops_ring, lemuel_round_altar, minmay_unequal
D:5:      layout_gridville, portal_sewer_entry_f, minivault_4,
          supply_closet_lemuel, minmay_fractal_squares_diagonal_5

Skill      XL: |  1  2  3  4  5  6 |
---------------+-------------------+-----
Shields        | 3 |  3.4
Axes           | 3 4 5 |  5.1
Armour         | 3 |  3.5
Dodging        | 1 |  1.2
Fighting       | 4 |  4.0

Action                   |  1- 3 |  4- 6 || total
-------------------------+-------+-------++-------
Melee: War axe           |   102 |   146 ||   248
       Tailslap          |     6 |    11 ||    17
 Abil: Rolling Charge    |    28 |    26 ||    54
  Use: Potion            |       |     4 ||     4
Armor: Scale mail        |    26 |       ||    26
       Ring mail         |     9 |    63 ||    72
Dodge: Dodged            |    39 |    65 ||   104
Block: Buckler           |    16 |    38 ||    54
